 Dungeon Crawl Stone Soup version 0.29.1-12-g30fa7ad0bf (webtiles) character file.

Game seed: 17788013717708165684

466 sanboga the Chopper (level 6, -10/56 HPs)
             Began as a Minotaur Berserker on Jan 1, 2023.
             Was a Believer of Trog.
             Succumbed to an orc wizard's poison
             ... on level 4 of the Dungeon.
             The game lasted 00:03:07 (3005 turns).

sanboga the Chopper (Minotaur Berserker)            Turns: 3005, Time: 00:03:07

Health: -10/56     AC:  9    Str: 24    XL:     6   Next: 81%
Magic:  5/5        EV:  8    Int:  4    God:    Trog [**....]
Gold:   160        SH:  0    Dex:  9    Spells: 5/5 levels left

rFire   + . .      SeeInvis .   a - +0 hand axe
rCold   . . .      Faith    .   (no shield)
rNeg    . . .      Spirit   .   l - +0 chain mail
rPois   .          Reflect  .   (helmet restricted)
rElec   .          Harm     .   (no cloak)
rCorr   .          Rampage  .   (no gloves)
Will    .....                   (no boots)
Stlth   ..........              g - amulet of the acrobat
HPRegen 0.18/turn               h - ring of protection from fire
MPRegen 0.09/turn               (no ring)

@: lethally poisoned (-10 -> -47), on berserk cooldown, slowed, very slow
A: horns 2, retaliatory headbutt
a: Renounce Religion, Berserk, Trog's Hand


You were on level 4 of the Dungeon.
You worshipped Trog.
Trog was pleased with you.
You visited 1 branch of the dungeon, and saw 4 of its levels.

You collected 160 gold pieces.

Inventory:

Hand Weapons
 a - a +0 hand axe (weapon)
Armour
 l - a +0 chain mail (worn)
Jewellery
 g - an amulet of the acrobat (around neck)
 h - a ring of protection from fire (left hand)
Wands
 j - a wand of paralysis (9)
Scrolls
 b - 2 scrolls of butterflies {unknown}
 f - 4 scrolls of identify {unknown}
 m - a scroll of blinking {unknown}
 n - a scroll of silence {unknown}
 p - 2 scrolls of vulnerability {unknown}
 q - 2 scrolls of magic mapping {unknown}
 r - 2 scrolls of teleportation {unknown}
 s - a scroll of enchant armour {unknown}
 t - a scroll of poison {unknown}
 u - a scroll of immolation {unknown}
 y - a scroll of amnesia {unknown}
Potions
 c - 6 potions of curing {unknown}
 d - a potion of might {unknown}
 e - a potion of brilliance {unknown}
 i - 2 potions of mutation {unknown}
 k - a potion of flight {unknown}
 o - a potion of heal wounds {unknown}
 v - a potion of berserk rage {unknown}
 w - a potion of resistance {unknown}
 x - a potion of cancellation {unknown}


   Skills:
 + Level 5.5 Fighting
 * Level 7.1 Axes
 + Level 4.8 Armour
 - Level 2.1 Dodging


You had 5 spell levels left.
You didn't know any spells.
Your spell library was empty.

Dungeon Overview and Level Annotations

Branches:
Dungeon (4/15)
 Temple: D:4-7

Altars:
Qazlal
The Shining One


Innate Abilities, Weirdness & Mutations

You have a pair of horns on your head.
You reflexively headbutt those who attack you in melee.


Message History

You barely miss the orc. You hit the kobold. You hit something.
You feel less confused. The orc hits you with a +0 hand axe.
The kobold hits you but does no damage. Something hits you but does no damage.
The orc barely misses you. Something hits you.
You are poisoned.
The kobold barely misses you. You furiously retaliate!
You headbutt the kobold, but do no damage.
You slash the kobold!
You kill the kobold!
Trog accepts your kill.
You hit something but do no damage. You barely miss the orc.
You feel very sick. The orc hits you with a +0 hand axe.
Something hits you but does no damage.
You are more poisoned.
You miss something. You hit the orc.
You feel very sick. The orc hits you but does no damage.
Something hits you but does no damage.
You are more poisoned.
The dart slug launches a dart at you. The slug dart hits you.
Something hits you but does no damage.
You are lethally poisoned!
The orc hits you but does no damage.
You barely miss something. You hit the orc.
* * * LOW HITPOINT WARNING * * *
You feel extremely sick. The orc hits you with a +0 hand axe.
* * * LOW HITPOINT WARNING * * *
Something hits you.
* * * LOW HITPOINT WARNING * * *
You are more poisoned.
You barely miss something. You hit the orc.
You kill the orc!
Trog accepts your kill.
* * * LOW HITPOINT WARNING * * *
You feel extremely sick.
Something hits you but does no damage. x2
You are more poisoned.
You hit something.
You die...

......># #...# ####...
.........# #.#.###......
.........# #.#..##......
.........####.##..#......
...[.#....<##.###......#
......w.....#.# ##....)#
.......†).....# #.....##
...(...){)....# #...|...
.......†@.....# #.......
..............# #.######
...?..........###..#
.............###.÷##
.............###<####
....##............†.#####
##.# ######......††.#....
#. ...........#.##. #
...##......#...#


You could see a dart slug.

Vanquished Creatures
  2 ogres
  A phantom (D:4)
  A howler monkey (D:4)
  A hound (D:4)
  A jelly (D:4)
  6 adders
  An ufetubus (D:4)
  A worm (D:2)
  3 orcs
  3 endoplasms
  4 giant cockroaches
  5 goblins
  8 hobgoblins
  2 jackals (D:1)
  5 quokkas
  8 ball pythons
  6 bats
  3 frilled lizards
  4 kobolds
  2 rats (D:1)
  A spectral goblin (D:1)
68 creatures vanquished.

Vanquished Creatures (others)
  3 plants (D:2)
3 creatures vanquished.

Grand Total: 71 creatures vanquished

Notes
Turn   | Place    | Note
-------+----------+-------------------------------------------
     0 | D:1      | sanboga the Minotaur Berserker began the quest for the Orb.
     0 | D:1      | Reached XP level 1. HP: 19/19 MP: 0/0
   228 | D:1      | You fall into a shaft and drop 1 floor!
   331 | D:2      | Reached skill level 4 in Axes
   331 | D:2      | Reached XP level 2. HP: 22/27 MP: 1/1
   514 | D:1      | Reached XP level 3. HP: 32/33 MP: 2/2
   542 | D:1      | Found a faded altar of an unknown god.
   667 | D:1      | Reached ** piety under Trog
  1070 | D:2      | Noticed an ogre
  1079 | D:2      | Killed an ogre
  1080 | D:2      | Reached skill level 5 in Axes
  1080 | D:2      | Reached XP level 4. HP: 41/41 MP: 3/3
  1144 | D:2      | Reached XP level 5. HP: 47/47 MP: 4/4
  1536 | D:3      | Found a glowing golden altar of the Shining One.
  1694 | D:3      | Found a stormy altar of Qazlal.
  2059 | D:3      | Noticed an ogre
  2066 | D:3      | Killed an ogre
  2067 | D:3      | Reached skill level 5 in Fighting
  2067 | D:3      | Reached skill level 6 in Axes
  2620 | D:4      | Reached XP level 6. HP: 37/56 MP: 5/5
  2993 | D:4      | Reached skill level 7 in Axes
  3004 | D:4      | HP: 1/56 [poisoned by an orc wizard]
  3005 | D:4      | Succumbed to an orc wizard's poison

Illustrated notes

Levels and vault maps discovered:
D:1:      amcnicky_arrival_flooded_fountain, layout_basic,
          dreamdust_ecumenical_altar_drowned_temple
D:2:      layout_loops_ring, serial_bayou_lake_a
D:3:      layout_basic, lemuel_coloured_pillars_altar,
          nicolae_qazlal_eye_of_the_storm, minmay_misc_feat_iff
D:4:      layout_rooms, gammafunk_temple_overflow_statue,
          kennysheep_generic_room_12, uniq_crazy_yiuf_cottage

Skill      XL: |  1  2  3  4  5  6 |
---------------+-------------------+-----
Axes           | 4 5 6 7 |  7.1
Fighting       | 4 5 |  5.5
Armour         | 3 4 |  4.8
Dodging        | |  2.1

Action                   |  1- 3 |  4- 6 || total
-------------------------+-------+-------++-------
Melee: Hand axe          |    74 |    82 ||   156
       Headbutt          |     8 |     9 ||    17
       Punch             |     1 |     1 ||     2
Invok: Berserk           |     1 |     2 ||     3
 Stab: Sleeping          |     1 |       ||     1
Armor: Chain mail        |    28 |    51 ||    79
Dodge: Dodged            |    39 |    49 ||    88
